 Dungeon Crawl Stone Soup version 0.29-a0-398-ge13fd1374b (console) character file.

Game seed: 2495711940949606566

80269 om the Protected (level 15, -15/126 HPs)
             Began as a Minotaur Berserker on May 11, 2022.
             Was an Elder of Trog.
             Demolished by Sonja
             ... wielding a +0 short sword of distortion
              (21 damage)
             ... on level 6 of the Lair of Beasts on May 12, 2022.
             The game lasted 01:30:43 (31167 turns).

om the Protected (Minotaur Berserker)              Turns: 31167, Time: 01:30:44

Health: -15/126    AC: 23    Str: 28      XL:     15   Next: 23%
Magic:  0/14       EV: 16    Int:  2 (4)  God:    Trog [****..]
Gold:   1936       SH:  9    Dex: 15      Spells: 14/14 levels left

rFire   + . .      SeeInvis +   a - +1 demon blade (flame)
rCold   + . .      Faith    .   E - +0 kite shield
rNeg    . . .      Spirit   +   l - +7 Kryia's mail coat {PotionHeal*2 rC+}
rPois   .          Reflect  .   (helmet restricted)
rElec   .          Harm     .   V - +2 cloak {rCorr}
rCorr   +          Rampage  .   (no gloves)
Will    +++..                   v - +1 pair of boots
Stlth   ..........              q - amulet of guardian spirit
HPRegen 1.31/turn               f - ring "Cesefaq" {Wiz rF+ Dex+4}
MPRegen 0.14/turn               u - ring of see invisible

@: lethally poisoned (-15 -> -15), strong-willed, on berserk cooldown,
regenerating, slowed, very slow
A: horns 2, retaliatory headbutt, no potion heal 1
a: Renounce Religion, Berserk, Trog's Hand, Brothers in Arms


You were on level 6 of the Lair of Beasts.
You worshipped Trog.
Trog was greatly pleased with you.
You visited 4 branches of the dungeon, and saw 22 of its levels.
You visited the Abyss 1 time.
You also visited: Sewer, Ossuary and Volcano.

You collected 2309 gold pieces.
You spent 373 gold pieces at shops.

Inventory:

Hand Weapons
 a - a +1 demon blade of flaming (weapon)
 b - a +4 hunting sling of flaming
 O - a +2 dagger of venom
 P - a +2 fustibalus of flaming
 S - a +1 hand axe of holy wrath
 T - a +6 antimagic long sword
 W - a +5 vorpal broad axe
Missiles
 y - 332 stones
 B - 3 throwing nets
Armour
 l - the +7 Kryia's mail coat (worn) {PotionHeal*2 rC+}
   (You found it on level 6 of the Dungeon)

   Potions are twice as effective at healing its wearer.
   rC:        It protects you from cold.
 o - an orb of light
 v - a +1 pair of boots (worn)
 E - a +0 kite shield (worn)
 V - a +2 cloak of preservation (worn)
Jewellery
 f - the ring "Cesefaq" (left hand) {Wiz rF+ Dex+4}
   (You found it on level 5 of the Dungeon)

   [ring of wizardry]

   It improves your spell success rate.
   Dex:       It affects your dexterity (+4).
   rF:        It protects you from fire.
 j - a ring of resist corrosion
 q - an amulet of guardian spirit (around neck)
 u - a ring of see invisible (right hand)
 x - a ring of poison resistance
 Z - the ring of Anarchy {Wiz rElec rPois Will-}
   (You found it on level 4 of the Lair of Beasts)

   [ring of wizardry]

   It improves your spell success rate.
   rElec:     It insulates you from electricity.
   rPois:     It protects you from poison.
   Will:      It decreases your willpower.
Wands
 k - a wand of flame (10)
 m - a wand of charming (7)
 s - a wand of paralysis (15)
 z - a wand of acid (1)
 C - a wand of iceblast (22)
 D - a wand of digging (7)
 U - a wand of mindburst (9)
Scrolls
 c - 2 scrolls of poison
 p - 2 scrolls of teleportation
 r - 3 scrolls of brand weapon
 A - 3 scrolls of identify
 F - 5 scrolls of silence
 G - 4 scrolls of enchant armour
 J - 4 scrolls of fog
 L - a scroll of magic mapping
 N - a scroll of vulnerability
 Q - a scroll of summoning
Potions
 d - 7 potions of curing
 e - 2 potions of lignification
 g - 6 potions of ambrosia
 h - 4 potions of cancellation
 i - 4 potions of might
 n - 3 potions of invisibility
 t - 6 potions of flight
 w - 4 potions of haste
 K - a potion of magic
 Y - 3 potions of resistance
Miscellaneous
 R - a piece from Xom's chessboard (15/15)


   Skills:
 * Level 10.2 Fighting
 - Level 14.0 Long Blades
 - Level 10.4 Axes
 + Level 13.4 Slings
 * Level 14.9 Armour
 * Level 13.8 Dodging
 - Level 5.0 Shields
 + Level 4.8 Evocations


You had 14 spell levels left.
You didn't know any spells.
Your spell library was empty.

Dungeon Overview and Level Annotations

Branches:
Dungeon (13/15)            Temple (0/1) D:6            Lair (6/6) D:9
  Swamp (0/4) Lair:3       Spider (0/4) Lair:2        Slime (0/5) Lair:5
    Orc (2/2) D:10            Elf (1/3) Orc:2         Sewer (visited)
Ossuary (visited)         Volcano (visited)
 Vaults: D:13-14

Altars:
Hepliaklqana
Kikubaaqudgha
Trog
Xom
Yredelemnul
The Shining One
Beogh

Shops:
D:5 :   D:10 [   Orc:2 *([(:   Elf:1 [

Annotations:
Lair:1 exclusion: 2 oklob plants
Lair:2 exclusion: downstairs
Lair:6 exclusion: ice statue, Kirke, Sonja


Innate Abilities, Weirdness & Mutations

You have a pair of horns on your head.
You reflexively headbutt those who attack you in melee.
Potions are less effective at restoring your health.


Message History

The blink frog blinks!
Sonja mumbles some strange words.
Sonja blinks!
You block the yak's attack.
You hit the yak. You burn the yak. You headbutt the yak.
The yak is almost dead.
The yak misses you.
You barely miss the yak. Your headbutt misses the yak.
The yak is almost dead.
Sonja throws a curare-tipped dart.
The curare-tipped dart hits you.
You are poisoned.
You have difficulty breathing.
* * * LOW HITPOINT WARNING * * *
You feel as though you will be slow longer.
The yak misses you.
The blink frog blinks!
You fail to use your ability.
You feel sick.
The blink frog blinks! x2
Sonja throws a curare-tipped dart.
The curare-tipped dart hits you.
You are more poisoned.
You have difficulty breathing.
* * * LOW HITPOINT WARNING * * *
You feel as though you will be slow longer.
The yak gores you!
* * * LOW HITPOINT WARNING * * *
The yak attacks as you move away! The yak closely misses you.
You furiously retaliate!
You headbutt the yak.
You kill the yak!
Trog accepts your kill.
You feel very sick.
The blink frog blinks!
You block Sonja's attack. Sonja misses you.
Sonja closely misses you. x2; You furiously retaliate!
You headbutt Sonja, but do no damage. Sonja hits you but does no damage.
Space warps around you.
* * * LOW HITPOINT WARNING * * *
Sonja barely misses you.
You feel very sick. Sonja hits you but does no damage. Space warps around you.
* * * LOW HITPOINT WARNING * * *
Sonja hits you with a +0 short sword of distortion.
* * * LOW HITPOINT WARNING * * *
Space warps horribly around you!!
You die...

..........P.........
.#.#.#.#.#...........
...........#.........
###.#.#.#.#...........
#..F..................
#.#.#.#.#<#........... .
.........§...........
....#.#.#.#.#...........
.......@K...............
........#.†#..#§.#...##.
#....#####.###.#######
##.# ### ### #


You could see a blink frog and Sonja.

Vanquished Creatures
  2 orc warlords
  A deep elf death mage (Elf:1)
  A great orb of eyes (Abyss:1)
  2 catoblepae
  9 hydras
  2 boulder beetles
  4 two-headed ogres
  The ghost of deadleaves the Thaumaturge, a journeyman DEFE of Vehumet (Lair:2)
  12 death yaks
  A hell hog (Volcano)
  2 orc high priests (Orc:2)
  Urug (Lair:4)
  A spectral death yak (Lair:2)
  A sixfirhy (Abyss:1)
  Pikel (D:6)
  2 deep elf archers (Elf:1)
  An orc knight (Orc:2)
  An orc sorcerer (Orc:1)
  An ugly thing (D:11)
  6 cyclopes
  9 elephants (Lair:6)
  2 salamanders (Volcano)
  2 apocalypse crabs (Abyss:1)
  9 cane toads
  6 black mambas
  2 orange demons (Abyss:1)
  Joseph (D:8)
  A torpor snail (Lair:5)
  A guardian serpent (Abyss:1)
  An unseen horror (D:12)
  2 kobold demonologists
  Maggie (D:6)
  7 komodo dragons
  5 rime drakes
  An efreet (Abyss:1)
  2 freezing wraiths
  An ancient zyme (Abyss:1)
  6 trolls
  A tarantella (shapeshifter) (D:12)
  A queen bee (Lair:2)
  Grinder (D:4)
  8 polar bears
  8 dream sheep (Lair:5)
  A spectral dream sheep (Lair:2)
  36 blink frogs
  2 large abominations (Abyss:1)
  51 yaks
  6 wyverns
  A vampire (D:12)
  A shadow (D:11)
  Eustachio (D:4)
  A fire bat (Volcano)
  2 hogs (Lair:6)
  7 basilisks
  2 neqoxecs (Abyss:1)
  7 vampire mosquitoes
  4 wargs
  10 water moccasins
  An acid dragon (D:10)
  2 hell hounds (Volcano)
  19 black bears
  33 orc warriors
  A black mamba simulacrum (Lair:2)
  5 ice beasts (Lair:6)
  An ogre (Orc:1)
  4 wolves
  A centaur (Volcano)
  2 phantoms
  A lemure (D:6)
  Blork the orc (D:6)
  A kobold brigand (D:12)
  An elf zombie (Ossuary)
  15 bullfrogs
  2 scorpions
  A necrophage (D:6)
  3 gnoll sergeants
  4 wights (D:9)
  44 killer bees
  An electric eel (D:10)
  A howler monkey (D:12)
  2 centaur zombies (Ossuary)
  2 human zombies (Ossuary)
  2 jellies (D:2)
  A komodo dragon simulacrum (Lair:2)
  2 small abominations (Abyss:1)
  19 orc priests
  2 gnoll shamans
  An iguana (D:5)
  Terence (D:2)
  24 orc wizards
  3 hell rats (Lair:5)
  2 mummies (Ossuary)
  8 adders
  24 gnolls
  7 river rats (Lair:5)
  3 shadow imps
  A white imp (Lair:6)
  An ufetubus (D:4)
  2 adder zombies (Ossuary)
  A worm (D:5)
  5 dart slugs
  99 orcs
  17 ball pythons
  10 endoplasms
  5 giant cockroaches
  5 goblins
  7 hobgoblins
  10 jackals
  15 kobolds
  2 quokkas (D:4)
  9 bats
  7 frilled lizards
  12 hobgoblin zombies (Ossuary)
  3 jackal zombies (Ossuary)
  7 kobold zombies (Ossuary)
  7 orc zombies (Ossuary)
  15 rats
  A rat zombie (Ossuary)
  A spectral hobgoblin (D:1)
751 creatures vanquished.

Vanquished Creatures (collateral kills)
  A naga warrior (Abyss:1)
  4 death yaks (Lair:5)
  A large abomination (Abyss:1)
  A salamander (Abyss:1)
  A torpor snail (Lair:5)
  3 dream sheep (Lair:5)
  2 yaks (Lair:5)
  A rat (Lair:5)
14 creatures vanquished.

Vanquished Creatures (others)
  A necrophage (D:5)
  An adder (D:6)
  68 fungi
  84 plants
  6 toadstools (D:2)
160 creatures vanquished.

Grand Total: 925 creatures vanquished

Notes
Turn   | Place    | Note
-------+----------+-------------------------------------------
     0 | D:1      | om the Minotaur Berserker began the quest for the Orb.
     0 | D:1      | Reached XP level 1. HP: 19/19 MP: 0/0
    18 | D:1      | Reached XP level 2. HP: 24/27 MP: 1/1
   499 | D:1      | Reached XP level 3. HP: 7/33 MP: 2/2
   866 | D:1      | Reached ** piety under Trog
   925 | D:1      | Found a faded altar of an unknown god.
  1201 | D:2      | Found a glowing golden altar of the Shining One.
  1262 | D:2      | Noticed Terence
  1272 | D:2      | Killed Terence
  1278 | D:2      | Reached XP level 4. HP: 27/40 MP: 3/3
  2126 | D:2      | Reached XP level 5. HP: 47/47 MP: 4/4
  2130 | D:2      | Reached skill level 5 in Axes
  2935 | D:4      | Noticed Eustachio
  3164 | D:4      | Killed Eustachio
  3165 | D:4      | Reached skill level 5 in Fighting
  3165 | D:4      | Reached XP level 6. HP: 56/56 MP: 5/5
  3230 | D:4      | Reached *** piety under Trog
  3231 | D:4      | Reached skill level 5 in Armour
  3296 | D:4      | Noticed Grinder
  3302 | D:4      | Paralysed by Grinder for 3 turns
  3306 | D:4      | Killed Grinder
  3307 | D:4      | Reached skill level 5 in Dodging
  3307 | D:4      | Reached XP level 7. HP: 61/61 MP: 6/6
  3829 | D:5      | Entered Level 5 of the Dungeon
  3829 | D:5      | Found Retol Wae's Book Shoppe.
  4169 | D:5      | Found a glowing drain.
  4176 | Sewer    | Entered a sewer
  4540 | D:5      | Identified the ring "Cesefaq" {Wiz rF+ Dex+4}
  4748 | D:5      | Reached XP level 8. HP: 53/68 MP: 7/7
  5084 | D:6      | Found a bloodstained altar of Trog.
  5126 | D:5      | Reached **** piety under Trog
  5259 | D:6      | Noticed Maggie
  5274 | D:6      | Noticed Blork the orc
  5300 | D:6      | Killed Blork the orc
  5315 | D:6      | Killed Maggie
  5394 | D:6      | Found a staircase to the Ecumenical Temple.
  5398 | D:6      | Noticed Pikel
  5408 | D:6      | Killed Pikel
  5409 | D:6      | Reached skill level 10 in Axes
  5409 | D:6      | Reached XP level 9. HP: 74/74 MP: 8/8
  5649 | D:6      | Found the +7 Kryia's mail coat {PotionHeal*2 rC+}
  6067 | D:7      | Found a sand-covered staircase.
  6076 | Ossuary  | Entered an ossuary
  6191 | Ossuary  | Reached ***** piety under Trog
  6924 | D:7      | Found an ancient bone altar of Kikubaaqudgha.
  7801 | D:8      | Noticed a two-headed ogre
  7814 | D:8      | Killed a two-headed ogre
  7815 | D:8      | Reached skill level 10 in Armour
  7815 | D:8      | Reached XP level 10. HP: 81/81 MP: 9/9
  8256 | D:8      | Noticed Joseph
  8270 | D:8      | Killed Joseph
  8270 | D:8      | Received a gift from Trog
  8271 | D:8      | Reached skill level 10 in Dodging
  8367 | D:9      | Reached skill level 1 in Slings
  8811 | D:9      | Found a shimmering altar of Xom.
  8814 | D:9      | Found a basalt altar of Yredelemnul.
  9142 | D:9      | Found a staircase to the Lair.
  9260 | D:9      | Reached skill level 1 in Long Blades
  9369 | D:9      | Noticed a boulder beetle
  9384 | D:9      | Killed a boulder beetle
  9385 | D:9      | Reached skill level 5 in Slings
  9385 | D:9      | Reached XP level 11. HP: 41/89 MP: 10/10
  9709 | D:10     | Entered Level 10 of the Dungeon
  9867 | D:10     | Found a staircase to the Orcish Mines.
  9867 | D:10     | Found Boef Fis's Armour Emporium.
 10933 | D:10     | Reached skill level 5 in Long Blades
 11357 | D:11     | Noticed a two-headed ogre
 11362 | D:11     | Killed a two-headed ogre
 12218 | D:11     | Noticed a brown ugly thing
 12227 | D:11     | Killed a brown ugly thing
 12698 | D:12     | Reached skill level 10 in Long Blades
 12808 | D:12     | Noticed a five-headed hydra
 12819 | D:12     | Killed a one-headed hydra
 12939 | D:12     | Noticed an eight-headed hydra
 12952 | D:12     | Killed a four-headed hydra
 12952 | D:12     | Received a gift from Trog
 13207 | D:12     | Reached XP level 12. HP: 96/96 MP: 11/11
 13517 | D:13     | Noticed a five-headed hydra
 13527 | D:13     | Killed a one-headed hydra
 13624 | Lair:1   | Entered Level 1 of the Lair of Beasts
 13739 | Lair:1   | Noticed a seven-headed hydra
 13750 | Lair:1   | Killed a one-headed hydra
 13931 | Lair:1   | Found a dark tunnel.
 13938 | Volcano  | Entered a volcano
 13967 | Volcano  | Noticed a two-headed ogre
 13970 | Volcano  | Killed a two-headed ogre
 14142 | Volcano  | Noticed a two-headed ogre
 14142 | Volcano  | Noticed a hell hog
 14148 | Volcano  | Killed a hell hog
 14158 | Volcano  | Killed a two-headed ogre
 15032 | Lair:1   | Paralysed by a floating eye for 3 turns
 15180 | Lair:2   | Noticed a five-headed hydra
 15192 | Lair:2   | Killed a one-headed hydra
 15787 | Lair:2   | Reached skill level 10 in Slings
 15802 | Lair:2   | Reached XP level 13. HP: 102/102 MP: 12/12
 16343 | Lair:2   | Found a runed translucent gate.
 16343 | Lair:2   | Found a runed translucent gate.
 16343 | Lair:2   | Found a runed translucent gate.
 16349 | Lair:2   | Noticed deadleaves's ghost (journeyman DEFE)
 16363 | Lair:2   | Killed deadleaves's ghost
 16543 | Lair:2   | Found a hole to the Spider Nest.
 16604 | Lair:2   | HP: 5/102 [disintegration (46)]
 17526 | Orc:1    | Entered Level 1 of the Orcish Mines
 17644 | Orc:1    | Noticed an orc warlord
 17958 | D:10     | Killed an orc warlord
 18484 | Orc:1    | Reached skill level 1 in Evocations
 18824 | Orc:2    | Entered Level 2 of the Orcish Mines
 18952 | Orc:1    | Received a gift from Trog
 19224 | Orc:2    | Found a staircase to the Elven Halls.
 19962 | Orc:2    | Found Pyttigurghi's General Store.
 20029 | Orc:2    | Bought a scroll of enchant weapon for 82 gold pieces
 20029 | Orc:2    | Bought a +2 cloak of preservation for 236 gold pieces
 20029 | Orc:2    | Bought a potion of heal wounds for 55 gold pieces
 20475 | Orc:2    | Found Ibemuit's Self-Improvement Boutique.
 20562 | Orc:2    | Found Noxuops's Antique Armour Boutique.
 20564 | Orc:2    | Found Wajuaf's Antique Weapon Shop.
 20616 | Orc:2    | Found Adatse's Antique Weapon Boutique.
 21193 | Orc:2    | Upgraded the game from 0.29-a0-397-g846e4a0bbc to
                  | 0.29-a0-398-ge13fd1374b
 21588 | Lair:1   | Paralysed by a floating eye for 4 turns
 21802 | Lair:3   | Received a gift from Trog
 21803 | Lair:3   | Reached skill level 1 in Shields
 22814 | Lair:3   | Reached XP level 14. HP: 111/111 MP: 13/13
 23482 | Lair:3   | Found a staircase to the Swamp.
 24145 | Lair:4   | Identified the ring of Anarchy {Wiz rElec rPois Will-}
 24353 | Lair:4   | Noticed Urug
 24474 | Lair:4   | Killed Urug
 25067 | Lair:4   | Reached skill level 5 in Shields
 26000 | Lair:5   | Found a hazy altar of Hepliaklqana.
 26314 | Lair:5   | Received a gift from Trog
 26978 | Lair:5   | Found a staircase to the Slime Pits.
 27242 | Lair:6   | Entered Level 6 of the Lair of Beasts
 27717 | Lair:6   | Reached XP level 15. HP: 96/125 MP: 14/14
 28084 | Lair:6   | Noticed Kirke
 28497 | Lair:6   | Noticed Sonja
 28527 | Lair:6   | Cast into level 1 of the Abyss (Sonja)
 28719 | Abyss:1  | Gained mutation: Potions are less effective at restoring
                  | your health. [a neqoxec]
 28801 | Lair:6   | Escaped the Abyss
 28809 | Lair:6   | Noticed a sphinx
 28931 | Lair:5   | Reached skill level 10 in Fighting
 29556 | Elf:1    | Entered Level 1 of the Elven Halls
 29591 | Elf:1    | Found Byivvykhoiff's Antique Armour Shop.
 29915 | Orc:2    | Noticed an orc warlord
 29917 | Orc:2    | Received a gift from Trog
 30167 | Orc:2    | Killed an orc warlord
 30375 | Orc:2    | Found Adatse's Antique Weapon Boutique.
 30448 | Orc:2    | Found Noxuops's Antique Armour Boutique.
 30452 | Orc:2    | Found Wajuaf's Antique Weapon Shop.
 30502 | Orc:2    | Found Ibemuit's Self-Improvement Boutique.
 30719 | Orc:2    | Found Pyttigurghi's General Store.
 31167 | Lair:6   | HP: 6/126 [Sonja/+0 short sword of distortion (2)]
 31167 | Lair:6   | Demolished by Sonja

Illustrated notes

Levels and vault maps discovered:
D:1:      scummos_arrival_star, layout_rooms,
          dreamdust_ecumenical_altar_drowned_temple, minmay_surrounded
D:2:      cheibrodos_fertilizer, layout_basic, basic_altar, uniq_terence
D:3:      layout_basic
D:4:      layout_cave_pools, uniq_grinder, uniq_eustachio
D:5:      layout_basic, serial_shops, nicolae_stop_n_shop_1,
          portal_sewer_entry_e
D:6:      layout_basic, trog_ov_bears_minmay, minmay_temple_entry_purple_smoke,
          uniq_maggie, uniq_blork_the_orc, uniq_pikel
D:7:      layout_basic, kiku_gazebo_pond_becter,
          lightli_ossuary_entry_decrepit_ruins, eino_tiny_chamber,
          minmay_crystal_room
D:8:      layout_loops_ring, uniq_joseph
D:9:      layout_loops_cross, chequers_temple_overflow_statue_of_worship,
          grunt_lair_entry_orc_guard_hut, nzn_sisyphean_effort
D:10:     layout_irregular_city, orc_david_3, chequers_garden,
          serial_bayou_lagoon_a, lemuel_flamethrower_hall
D:11:     layout_long_grid
D:12:     layout_loops_cross
D:13:     layout_layer_cave, erik_vaults_2
Lair:1:   layout_long_grid, nicolae_volcano_entry_two_sided, disabler_island,
          lemuel_fruit_tree
Lair:2:   regret_index_tunnel_blossom, layout_gridlike,
          nicolae_spider_entry_orb_guardian, gammafunk_ghost_necromancy,
          st_stairs_4, beast_lair_carwin_1
Lair:3:   beast_lair_carwin_large_3, layout_chaotic_city,
          minmay_swamp_entry_swarm
Lair:4:   layout_regular_city, grunt_megastairs_2, serial_bayou_shore_a,
          uniq_urug
Lair:5:   layout_cellular_growth, dpeg_slime_entry_corner, basic_altar,
          serial_rivers, chequers_serial_rivers_micro_d,
          chequers_serial_rivers_small_3, chequers_serial_rivers_marsh,
          chequers_serial_rivers_micro_b, chequers_serial_rivers_small_b,
          chequers_serial_rivers_micro_c, kennysheep_abandoned_house,
          infiniplex_staircase_pool
Lair:6:   hellmonk_lair_end_abyssal_woods, layout_long_grid, st_stairs_9,
          ice2_lemuel, lemuel_fruit_fields, uniq_kirke, uniq_sonja
Orc:1:    layout_caves, hellmonk_bongcloud_opening
Orc:2:    grunt_orc_community_town_hall, layout_caves,
          grunt_orc_community_big_house_1, grunt_orc_community_big_house_2,
          grunt_orc_community_house_1, grunt_orc_community_house_2,
          grunt_orc_community_house_1, grunt_orc_community_house_3,
          grunt_orc_community_house_2, nicolae_shop_self_help
Elf:1:    layout_onion_city, serial_shops, nicolae_shop_advertising_works
          [nicolae_subvault_shop_adworks], minmay_elf_demonology

Skill      XL: |  1  2  3  4  5  6  7  8  9 10 11 12 13 14 15 |
---------------+----------------------------------------------+-----
Axes           | 4 5 7 10 | 10.4
Fighting       | 4 5 6 9 10 | 10.2
Armour         | 3 4 5 6 8 10 11 12 13 14 | 14.9
Dodging        | 3 4 5 6 7 9 10 11 12 13 | 13.8
Slings         | 5 10 12 13 | 13.4
Long Blades    | 3 11 14 | 14.0
Evocations     | 2 4 |  4.8
Shields        | 2 5 |  5.0

Action                   |  1- 3 |  4- 6 |  7- 9 | 10-12 | 13-15 || total
-------------------------+-------+-------+-------+-------+-------++-------
Melee: Hand axe          |    64 |    97 |   109 |       |       ||   270
       Punch             |     1 |     1 |       |       |       ||     2
       Headbutt          |     9 |    16 |    84 |   148 |   333 ||   590
       Mace              |       |     1 |       |       |       ||     1
       War axe           |       |       |   173 |   172 |       ||   345
       Dagger            |       |       |       |     5 |       ||     5
       Demon blade       |       |       |       |   324 |  1123 ||  1447
       Broad axe         |       |       |       |       |   129 ||   129
       Long sword        |       |       |       |       |     2 ||     2
 Fire: Hunting sling     |       |       |       |    13 |     9 ||    22
Invok: Berserk           |     3 |     5 |     5 |    14 |    22 ||    49
       Trog's Hand       |       |       |     2 |       |     4 ||     6
       Brothers in Arms  |       |       |       |       |     3 ||     3
Evoke: Wand              |       |       |     1 |       |     1 ||     2
       Piece from Xom's  |       |       |       |       |     2 ||     2
  Use: Scroll            |     3 |     2 |    14 |    13 |     6 ||    38
       Potion            |       |       |     4 |       |    11 ||    15
 Stab: Sleeping          |     1 |       |       |       |       ||     1
       Paralysed         |       |       |     8 |       |       ||     8
Armor: Animal skin       |    20 |       |       |       |       ||    20
       Ring mail         |     2 |    39 |    53 |       |       ||    94
       Steam dragon scal |       |       |    19 |       |       ||    19
       Scale mail        |       |       |    17 |   226 |   505 ||   748
Dodge: Dodged            |    47 |    73 |   180 |   354 |   797 ||  1451
Block: Kite shield       |       |       |       |       |   393 ||   393

Table legend: (Time is in decaauts)
 A = Elapsed time spent in this place.
 B = Non-inter-level travel time spent in this place.
 C = Inter-level travel time spent in this place.
 D = Time resting spent in this place.
 E = Time spent auto-exploring this place.
 F = Levels seen in this place.
 G = Mean time per level.
                   A        B        C        D        E       F      G
               +--------+--------+--------+--------+--------+-----+--------+
         Total |  31323 |  29404 |   1919 |   8428 |  15498 |  26 | 1204.7 |
       Dungeon |  14479 |  13396 |   1083 |   3102 |   8315 |  13 | 1113.8 |
          Lair |  11069 |  10403 |    666 |   4043 |   4305 |   6 | 1844.8 |
  Orcish Mines |   3989 |   3820 |    169 |   1138 |   1944 |   2 | 1994.5 |
   Elven Halls |     96 |     96 |      0 |      0 |      0 |   1 |   96.0 |
         Abyss |    287 |    287 |      0 |     76 |      0 |   1 |  287.0 |
         Sewer |    376 |    376 |      0 |      0 |    254 |   1 |  376.0 |
       Ossuary |    261 |    261 |      0 |      0 |    126 |   1 |  261.0 |
       Volcano |    762 |    762 |      0 |     67 |    552 |   1 |  762.0 |
               +--------+--------+--------+--------+--------+-----+--------+

Top non-repeatable levels by time:
  Lair:2: 3114 daAuts
   Orc:2: 2794 daAuts
  Lair:5: 2628 daAuts
    D:10: 2192 daAuts
  Lair:4: 1722 daAuts
     D:9: 1517 daAuts
  Lair:3: 1378 daAuts
    D:11: 1305 daAuts
     D:1: 1197 daAuts
    D:12: 1196 daAuts
   Orc:1: 1195 daAuts
  Lair:1: 1150 daAuts
     D:7: 1144 daAuts
     D:8: 1108 daAuts
     D:6: 1091 daAuts
